 Dungeon Crawl Stone Soup version 0.26-a0-712-ga5a9c9c9d0 (webtiles) character file.

Game seed: 14065730148414888102

247 Azzok the Chopper (level 5, 30/41 HPs)
             Began as a Demonspawn Berserker on Nov 7, 2020.
             Was a Believer of Trog.
             Quit the game on level 2 of the Dungeon.
             The game lasted 00:02:28 (1478 turns).

Azzok the Chopper (Demonspawn Berserker)            Turns: 1478, Time: 00:02:29

Health: 30/41      AC:  9    Str: 19    XL:     5   Next: 85%
Magic:  5/5        EV:  8    Int:  8    God:    Trog [**....]
Gold:   53         SH:  0    Dex: 12    Spells: 4/4 levels left

rFire    . . .     SeeInvis .   b - +2 dagger (venom)
rCold    . . .     Faith    .   (no shield)
rNeg     . . .     Spirit   .   j - +0 chain mail
rPois    .         Reflect  .   (helmet restricted)
rElec    .         Harm     .   (no cloak)
rCorr    .         Rampage  .   c - +0 pair of gloves (curse)
MR       .....                  (no boots)
Stlth    ..........             (no amulet)
HPRegen  0.13/turn              (no ring)
MPRegen  0.09/turn              (no ring)

@: berserk cooldown
A: antennae 1, powered by pain 1, rot immunity
a: Berserk, Trog's Hand, Renounce Religion


You were on level 2 of the Dungeon.
You worshipped Trog.
Trog was pleased with you.
You visited 1 branch of the dungeon, and saw 2 of its levels.

You collected 53 gold pieces.

Inventory:

Hand Weapons
 a - a +0 hand axe
 b - a +2 dagger of venom (weapon)
Armour
 c - a cursed +0 pair of gloves (worn)
 j - a +0 chain mail (worn)
Jewellery
 k - an uncursed amulet of guardian spirit
 m - an uncursed amulet of the acrobat {unknown}
Scrolls
 d - 5 scrolls of identify {unknown}
 e - a scroll of fear {unknown}
 f - a scroll of amnesia {unknown}
 h - a scroll of teleportation {unknown}
 i - a scroll of noise {unknown}
Potions
 g - a potion of lignification {unknown}
 l - a potion of heal wounds {unknown}


   Skills:
 - Level 3.0 Fighting
 + Level 6.1 Axes
 - Level 1.7 Armour
 - Level 1.7 Dodging


You had 4 spell levels left.
You didn't know any spells.
Your spell library was empty.

Dungeon Overview and Level Annotations

Branches:
Dungeon (2/15)

Altars:

Annotations:
D:2 1 runed translucent door, Crazy Yiuf


Innate Abilities, Weirdness & Mutations

You have a pair of small antennae on your head.
You sometimes gain a little power by taking damage.
You are immune to rotting.


Message History

The puff of flame hits you.
You hit Sigmund.
Sigmund looks as sick as possible!
Sigmund is almost dead.
You kill Sigmund!
Trog accepts your kill.
Trog appreciates your killing of a magic user.
Your Axes skill gained 2 levels and is now at level 6!
You have reached level 5!
Your demonic ancestry asserts itself...
You feel immune to rotting.
Things that are here:
a +0 scythe; a +0 robe You feel a strong urge to attack something.
You feel your anger nearly subside.
You are no longer berserk.
You are exhausted.
You feel yourself slow down.
You feel yourself speed up.
Are you sure you want to abandon this character and quit the game? (Confirm with "yes".)
Okay, then.
Are you sure you want to abandon this character and quit the game? (Confirm with "yes".)

·· ·▒ ▒▒·▒▒▒ ▒▒▒····
▒▒▒·····▒ ▒·······▒▒▒
▒▒▒▒ ▒▒▒·▒·······▒
···▒▒▒▒ ·······@▒▒▒·▒▒·▒
▒▒
······▒▒▒▒▒▒·▒▒·········▒
▒· ·········▒
▒····>·▒▒·▒▒▒▒ ▒·
▒▒▒·▒·▒▒·▒ ▒▒▒▒····▒·▒
▒▒▒▒▒▒▒▒< ▒ ▒······▒
▒[·····▒ ▒········ ▒
▒▒▒····▒ ▒▒···▒▒▒
▒·▒▒▒▒▒·· ▒▒····▒ ▒···▒
▒·▒▒▒▒▒)· ▒ ▒·····▒▒
▒···▒ ▒)▒▒))))· ▒
▒··<···▒ ▒···▒ ▒·▒▒·▒▒)▒


There were no monsters in sight!

Vanquished Creatures
  Sigmund (D:2)
  Natasha (D:2)
  Robin (D:2)
  2 adders (D:2)
  An ooze (D:2)
  10 goblins
  5 hobgoblins
  6 jackals
  2 kobolds
  A bat (D:1)
  A frilled lizard (D:2)
  4 rats
35 creatures vanquished.

Notes
Turn   | Place    | Note
-------+----------+-------------------------------------------
     0 | D:1      | Azzok the Demonspawn Berserker began the quest for the Orb.
     0 | D:1      | Reached XP level 1. HP: 18/18 MP: 1/1
   197 | D:1      | Reached skill level 3 in Axes
   284 | D:1      | Gained mutation: You have a pair of small antennae on your
                  | head. [demonic ancestry]
   284 | D:1      | Reached XP level 2. HP: 21/24 MP: 2/2
   758 | D:2      | Noticed Robin
   768 | D:2      | Killed Robin
   769 | D:2      | Reached XP level 3. HP: 29/29 MP: 3/3
   774 | D:2      | Reached skill level 4 in Axes
   875 | D:2      | Reached ** piety under Trog
  1046 | D:2      | Noticed Natasha
  1062 | D:2      | Killed Natasha
  1062 | D:2      | Gained mutation: You sometimes gain a little power by
                  | taking damage. [demonic ancestry]
  1062 | D:2      | Reached XP level 4. HP: 16/35 MP: 4/4
  1302 | D:2      | Found a runed translucent door.
  1303 | D:2      | Noticed Crazy Yiuf
  1446 | D:2      | Noticed Sigmund
  1456 | D:2      | Killed Sigmund
  1456 | D:2      | Reached skill level 6 in Axes
  1456 | D:2      | Gained mutation: You are immune to rotting. [demonic
                  | ancestry]
  1456 | D:2      | Reached XP level 5. HP: 40/41 MP: 5/5
  1478 | D:2      | Quit the game

Illustrated notes

Levels and vault maps discovered:
D:1:      dpeg_arrival_pits, layout_basic, grunt_decor_one_mirror
D:2:      layout_loops_cross, uniq_crazy_yiuf_cottage, uniq_natasha,
          uniq_sigmund, uniq_robin

Skill      XL: |  1  2  3  4 |
---------------+-------------+-----
Axes           | 3 4 6 |  6.1
Fighting       | |  3.0
Armour         | |  1.7
Dodging        | |  1.7

Action                   |  1- 3 |  4- 6 || total
-------------------------+-------+-------++-------
Melee: Hand axe          |    40 |       ||    40
       Dagger            |    33 |    19 ||    52
Invok: Berserk           |     1 |     1 ||     2
 Stab: Sleeping          |     1 |       ||     1
Armor: Animal skin       |    10 |       ||    10
       Chain mail        |    28 |     5 ||    33
Dodge: Dodged            |    41 |     6 ||    47

Table legend: (Time is in decaauts)
 A = Elapsed time spent in this place.
 B = Non-inter-level travel time spent in this place.
 C = Inter-level travel time spent in this place.
 D = Time resting spent in this place.
 E = Time spent auto-exploring this place.
 F = Levels seen in this place.
 G = Mean time per level.
                   A        B        C        D        E       F      G
               +--------+--------+--------+--------+--------+-----+--------+
         Total |   1502 |   1491 |     11 |    221 |   1019 |   2 |  751.0 |
       Dungeon |   1502 |   1491 |     11 |    221 |   1019 |   2 |  751.0 |
               +--------+--------+--------+--------+--------+-----+--------+

Top non-repeatable levels by time:
     D:1: 911 daAuts
     D:2: 591 daAuts
